[Event "Anderssen Festival 2019"]
[Site "Wroclaw"]
[Date "2019.08.09"]
[Round "7.6"]
[White "Piekielny, Pawel"]
[Black "Mitchell, Martin"]
[Result "1-0"]
[ECO "B07"]
[WhiteElo "1985"]
[BlackElo "2218"]
[Annotator "NA"]
[PlyCount "127"]
[EventDate "2019.08.05"]
[EventType "swiss"]
[EventCountry "POL"]
[SourceTitle "playchess.com"]
[Source "ChessBase"]
[SourceQuality "1"]
[TimeControl "40/5400+30:900+30"]

1. e4 d6 2. d4 Nf6 3. Nc3 g6 4. Bg5 c6 5. Qd2 Nbd7 6. f4 d5 7. Bxf6 Nxf6 8. e5 Nh5 9. Be2 Ng7 10. Nf3 Bg4 11. O-O-O h5 12. g3 Nf5 13. Ng5 Bxe2 14. Nxe2 e6 15. h3 c5 16. g4 Nxd4 17. Nxd4 cxd4 18. Qxd4 Qc7 19. Kb1 Be7 20. Nf3 Bc5 21. Qd3 O-O-O 22. Ng5 Rd7 23. Rhf1 Kb8 24. f5 exf5 25. e6 fxe6 26. Nxe6 Qd6 27. Nxc5 Qxc5 28. gxf5 gxf5 29. Rxf5 h4 30. Rxd5 Rxd5 31. Qxd5 Qxd5 32. Rxd5 Rg8 33. a4 Rg3 34. Rd3 a5 35. Ka2 Kc7 36. Kb3 Kc6 37. Kc4 Rg2 38. Rc3 b5+ 39. axb5+ Kb6 40. Kd5 Kxb5 41. Rc5+ Kb6 42. Rc3 Rg3 43. Kc4 Rg2 44. Kb3 Rg3 45. Rd3 Kb5 46. Ka3 Rg2 47. Rd5+ Kb6 48. c4 Rg3+ 49. Ka4 Rxh3 50. Rxa5 Rh2 51. Rb5+ Kc6 52. b4 Rc2 53. Kb3 Rc1 54. Rh5 Rb1+ 55. Ka3 Ra1+ 56. Kb2 Rh1 57. Rh6+ Kb7 58. Kb3 h3 59. Ka4 Kc7 60. Kb5 h2 61. c5 Kd8 62. Rh7 Ke8 63. c6 Kd8 64. Kb6 1-0

[Event "Anderssen Festival 2019"]
[Site "Wroclaw"]
[Date "2019.08.09"]
[Round "7.7"]
[White "Chernyshov, Konstantin"]
[Black "Kawalko, Adam"]
[Result "1-0"]
[ECO "D02"]
[WhiteElo "2446"]
[BlackElo "1920"]
[Annotator "NA"]
[PlyCount "27"]
[EventDate "2019.08.05"]
[EventType "swiss"]
[EventCountry "POL"]
[SourceTitle "playchess.com"]
[Source "ChessBase"]
[SourceQuality "1"]
[TimeControl "40/5400+30:900+30"]

1. d4 d5 2. Nf3 Bf5 3. c4 c6 4. cxd5 cxd5 5. Qb3 b6 6. Nc3 e6 7. e4 dxe4 8. Bb5+ Ke7 9. Ne5 Bg6 10. Bc6 Qxd4 11. Bf4 f6 12. Qa3+ Qc5 13. Qxc5+ bxc5 14. Nxg6+ 1-0

[Event "Anderssen Festival 2019"]
[Site "Wroclaw"]
[Date "2019.08.09"]
[Round "7.8"]
[White "Piotrowski, Przemyslaw"]
[Black "Jablonska, Sabina"]
[Result "1-0"]
[ECO "B40"]
[WhiteElo "2273"]
[BlackElo "1963"]
[Annotator "NA"]
[PlyCount "67"]
[EventDate "2019.08.05"]
[EventType "swiss"]
[EventCountry "POL"]
[SourceTitle "playchess.com"]
[Source "ChessBase"]
[SourceQuality "1"]
[TimeControl "40/5400+30:900+30"]

1. e4 c5 2. Nf3 e6 3. d3 Nc6 4. g3 g6 5. Bg2 Bg7 6. O-O Nge7 7. c3 d5 8. Nbd2 O-O 9. Re1 Qc7 10. Nf1 Rd8 11. Qe2 d4 12. cxd4 cxd4 13. e5 b5 14. g4 f6 15. exf6 Bxf6 16. Ng3 Nd5 17. Ne4 Bg7 18. Bg5 Re8 19. Rac1 Bd7 20. Qd2 Rac8 21. Bh6 e5 22. Qg5 Be6 23. Rxc6 Qxc6 24. Bxg7 Kxg7 25. Qxe5+ Kg8 26. Nd6 Bf7 27. Nxe8 Rxe8 28. Qxd4 Rxe1+ 29. Nxe1 Qc1 30. Bxd5 Qxe1+ 31. Kg2 Qe2 32. Bxf7+ Kxf7 33. Qxa7+ Kg8 34. Qd4 1-0

[Event "Anderssen Festival 2019"]
[Site "Wroclaw"]
[Date "2019.08.09"]
[Round "7.9"]
[White "Snihur, Piotr"]
[Black "Socha, Kamil"]
[Result "1/2-1/2"]
[ECO "E18"]
[WhiteElo "2256"]
[BlackElo "1741"]
[Annotator "NA"]
[PlyCount "33"]
[EventDate "2019.08.05"]
[EventType "swiss"]
[EventCountry "POL"]
[SourceTitle "playchess.com"]
[Source "ChessBase"]
[SourceQuality "1"]
[TimeControl "40/5400+30:900+30"]

1. d4 Nf6 2. c4 e6 3. Nf3 b6 4. g3 Bb7 5. Bg2 Be7 6. Nc3 O-O 7. O-O Ne4 8. Nxe4 Bxe4 9. Bf4 d6 10. Qd2 Nd7 11. Rfd1 f5 12. Ng5 Bxg5 13. Bxg5 Qe8 14. Bf1 h6 15. Be3 Bb7 16. Rac1 Rd8 17. Qc2 1/2-1/2

[Event "Anderssen Festival 2019"]
[Site "Wroclaw"]
[Date "2019.08.09"]
[Round "7.10"]
[White "Korpalski, Maciej"]
[Black "Nguyen, Alex Dac-Vuong"]
[Result "0-1"]
[ECO "C00"]
[WhiteElo "1954"]
[BlackElo "2267"]
[Annotator "NA"]
[PlyCount "90"]
[EventDate "2019.08.05"]
[EventType "swiss"]
[EventCountry "POL"]
[SourceTitle "playchess.com"]
[Source "ChessBase"]
[SourceQuality "1"]
[TimeControl "40/5400+30:900+30"]

1. e4 e6 2. d3 d5 3. Nd2 Nf6 4. Ngf3 b6 5. g3 dxe4 6. dxe4 Bb7 7. Qe2 Nc6 8. c3 a5 9. Bg2 e5 10. O-O Ba6 11. Nc4 h6 12. b3 Bc5 13. a3 O-O 14. Rb1 Bb5 15. a4 Ba6 16. Bd2 Qe7 17. Nh4 Qe6 18. Nf5 Bxc4 19. bxc4 Kh8 20. Be3 Bxe3 21. Nxe3 Nd7 22. Nd5 Ra7 23. f4 f6 24. Bf3 Qd6 25. Bg4 Rd8 26. Bxd7 Qxd7 27. Rfd1 Qd6 28. Kg2 Qf8 29. Rb5 Rb7 30. Rdb1 Rdb8 31. R5b2 Re8 32. f5 Nb8 33. Qf2 Nd7 34. Qc2 Qc5 35. Qe2 Qc6 36. Rb5 Nc5 37. Qc2 Qd6 38. Rd1 Qf8 39. Rb2 Rd8 40. Kf3 Qe8 41. Ra1 Qh5+ 42. Kg2 Qg4 43. Re1 c6 44. h3 Qg5 45. Qe2 h5 0-1

[Event "Anderssen Festival 2019"]
[Site "Wroclaw"]
[Date "2019.08.09"]
[Round "7.11"]
[White "Kareva, Natalia"]
[Black "Plichta, Krzysztof"]
[Result "1-0"]
[ECO "D18"]
[WhiteElo "2135"]
[BlackElo "1582"]
[Annotator "NA"]
[PlyCount "45"]
[EventDate "2019.08.05"]
[EventType "swiss"]
[EventCountry "POL"]
[SourceTitle "playchess.com"]
[Source "ChessBase"]
[SourceQuality "1"]
[TimeControl "40/5400+30:900+30"]

1. d4 d5 2. c4 c6 3. Nc3 dxc4 4. a4 Nf6 5. e3 Bf5 6. Bxc4 e6 7. Nf3 Bb4 8. O-O O-O 9. Qb3 a5 10. Na2 Nd5 11. Bd2 Bxd2 12. Nxd2 Nb6 13. Be2 N8d7 14. Rac1 c5 15. dxc5 Nxc5 16. Rxc5 Qxd2 17. Bf3 Qd6 18. Rb5 Nc8 19. Rd1 Qc7 20. Rxb7 Bc2 21. Qa3 Qc4 22. Qxf8+ Kxf8 23. Rd8# 1-0

[Event "Anderssen Festival 2019"]
[Site "Wroclaw"]
[Date "2019.08.09"]
[Round "7.12"]
[White "Barbier, Astrid"]
[Black "Zgadzaj, Rafal"]
[Result "0-1"]
[ECO "B00"]
[WhiteElo "1941"]
[BlackElo "2133"]
[Annotator "NA"]
[PlyCount "164"]
[EventDate "2019.08.05"]
[EventType "swiss"]
[EventCountry "POL"]
[SourceTitle "playchess.com"]
[Source "ChessBase"]
[SourceQuality "1"]
[TimeControl "40/5400+30:900+30"]

1. e4 d6 2. d4 g6 3. Nc3 a6 4. a4 b6 5. Bc4 Bb7 6. f3 Nd7 7. Nge2 Bg7 8. Be3 h5 9. h4 c5 10. Bb3 Rc8 11. Bg5 Ngf6 12. d5 Ne5 13. Nf4 Nh7 14. Nh3 Qc7 15. Qd2 Nxg5 16. Nxg5 c4 17. Ba2 Bh6 18. Qf2 Qc5 19. Qxc5 Rxc5 20. Kf2 O-O 21. Ne2 b5 22. axb5 axb5 23. Bb1 b4 24. Ra7 Rb8 25. Ba2 Bg7 26. Ra1 Nd7 27. c3 b3 28. Bb1 Kf8 29. R1a4 Bc8 30. Ke3 Rb7 31. Rxb7 Bxb7 32. Nd4 Rc8 33. Ra7 Nc5 34. Nh3 Ra8 35. Rxa8+ Bxa8 36. Nf2 e5 37. dxe6 fxe6 38. g3 Na4 39. Nd1 Kf7 40. Nb5 Bf8 41. Nd4 Bb7 42. Ne2 e5 43. f4 Bc8 44. f5 Kf6 45. g4 hxg4 46. Ng3 Bh6+ 47. Ke2 g5 48. h5 Bf8 49. Kd2 Kg7 50. Kc1 Nb6 51. Ne3 Bb7 52. Nxg4 Nd7 53. Ne3 Nb6 54. Ng4 Bc6 55. Kd2 Bb5 56. Nf1 Be8 57. Ng3 Bf7 58. Ne3 Be7 59. Ng4 Nd7 60. f6+ Nxf6 61. Nf5+ Kf8 62. Nxf6 Bxf6 63. Nxd6 Be6 64. h6 g4 65. Nf5 Bg5+ 66. Ke2 Kg8 67. Kf2 Kh7 68. Kg3 Bxh6 69. Kxg4 Bc1 70. Kf3 Bxb2 71. Nd6 Bxc3 72. Nb5 Ba5 73. Ke2 c3 74. Kd1 c2+ 75. Bxc2 bxc2+ 76. Kxc2 Kg6 77. Kd3 Bb6 78. Nc3 Kg5 79. Ke2 Kf4 80. Kd3 Kf3 81. Na4 Bd4 82. Kd2 Kxe4 0-1

[Event "Anderssen Festival 2019"]
[Site "Wroclaw"]
[Date "2019.08.09"]
[Round "7.13"]
[White "Krawiecki, Stanislaw"]
[Black "Malecki, Rafal"]
[Result "1-0"]
[ECO "A45"]
[WhiteElo "1923"]
[BlackElo "2063"]
[Annotator "NA"]
[PlyCount "51"]
[EventDate "2019.08.05"]
[EventType "swiss"]
[EventCountry "POL"]
[SourceTitle "playchess.com"]
[Source "ChessBase"]
[SourceQuality "1"]
[TimeControl "40/5400+30:900+30"]

1. d4 Nf6 2. Bg5 e6 3. e3 c5 4. c3 b6 5. f4 Bb7 6. Nf3 Be7 7. Bxf6 gxf6 8. Bd3 f5 9. Qe2 Qc7 10. Nbd2 d6 11. e4 fxe4 12. Bxe4 d5 13. Bd3 Nc6 14. Ne5 cxd4 15. cxd4 Nxd4 16. Qd1 b5 17. Rc1 Qa5 18. O-O h5 19. Nb3 Nxb3 20. Qxb3 a6 21. f5 Qb4 22. Qxb4 Bxb4 23. fxe6 fxe6 24. Rc7 Bd6 25. Bg6+ Kd8 26. Rd7+ 1-0

[Event "Anderssen Festival 2019"]
[Site "Wroclaw"]
[Date "2019.08.09"]
[Round "7.14"]
[White "Willnecker, Olaf"]
[Black "Lugovskoy, Maxim"]
[Result "0-1"]
[ECO "A40"]
[WhiteElo "1884"]
[BlackElo "2425"]
[Annotator "NA"]
[PlyCount "66"]
[EventDate "2019.08.05"]
[EventType "swiss"]
[EventCountry "POL"]
[SourceTitle "playchess.com"]
[Source "ChessBase"]
[SourceQuality "1"]
[TimeControl "40/5400+30:900+30"]

1. d4 e6 2. Nf3 Nf6 3. c4 c5 4. d5 d6 5. Nc3 e5 6. e4 Be7 7. Be2 O-O 8. O-O Ne8 9. Ne1 f5 10. exf5 Bxf5 11. Bg4 g6 12. Nc2 Bg5 13. Bxf5 Rxf5 14. Ne4 Bxc1 15. Rxc1 Nd7 16. Qd3 Qe7 17. Ne3 Rf8 18. Nd1 Ng7 19. Ndc3 a6 20. a4 Nf5 21. Nd2 Rf7 22. Nce4 Raf8 23. a5 Nd4 24. Ra1 Rf4 25. Rab1 Nf6 26. b4 Nxe4 27. Nxe4 Qh4 28. f3 Qh6 29. bxc5 dxc5 30. Rxb7 Qh5 31. Nxc5 Rh4 32. Ne6 Rxh2 33. Nxd4 Qh4 0-1

[Event "Anderssen Festival 2019"]
[Site "Wroclaw"]
[Date "2019.08.09"]
[Round "7.15"]
[White "Wieczorek, Zbigniew"]
[Black "Auwens, Michel"]
[Result "1/2-1/2"]
[ECO "A10"]
[WhiteElo "2235"]
[BlackElo "1879"]
[Annotator "NA"]
[PlyCount "35"]
[EventDate "2019.08.05"]
[EventType "swiss"]
[EventCountry "POL"]
[SourceTitle "playchess.com"]
[Source "ChessBase"]
[SourceQuality "1"]
[TimeControl "40/5400+30:900+30"]

1. c4 d6 2. Nc3 Nd7 3. g3 e5 4. Bg2 Ngf6 5. Nf3 Be7 6. O-O c6 7. d3 O-O 8. Rb1 a5 9. b3 Nc5 10. d4 exd4 11. Nxd4 Re8 12. e4 Bf8 13. Qc2 Bg4 14. Be3 Qc7 15. Rfe1 Bh5 16. f3 Bg6 17. Qd2 d5 18. cxd5 1/2-1/2

[Event "Anderssen Festival 2019"]
[Site "Wroclaw"]
[Date "2019.08.09"]
[Round "7.16"]
[White "Gorny, Michael"]
[Black "Ochman, Sebastian"]
[Result "0-1"]
[ECO "D02"]
[WhiteElo "2067"]
[BlackElo "1789"]
[Annotator "NA"]
[PlyCount "96"]
[EventDate "2019.08.05"]
[EventType "swiss"]
[EventCountry "POL"]
[SourceTitle "playchess.com"]
[Source "ChessBase"]
[SourceQuality "1"]
[TimeControl "40/5400+30:900+30"]

1. d4 d5 2. Nf3 c6 3. g3 g6 4. Bg2 Bg7 5. b3 Nh6 6. Bb2 Nf5 7. O-O h5 8. h4 O-O 9. Qd2 Nd7 10. c4 Nf6 11. Ng5 Ng4 12. cxd5 cxd5 13. Nf3 Bh6 14. Qd3 Nd6 15. Nc3 Bf5 16. Qd1 Ne4 17. Nxe4 dxe4 18. Ne5 Nxe5 19. dxe5 Bd2 20. e6 fxe6 21. b4 Bxb4 22. Qb3 Qb6 23. e3 Bd6 24. Qc3 e5 25. Rfc1 Rfd8 26. Qc4+ Kf8 27. Bc3 Rdc8 28. Qa4 Qc6 29. Qb3 b5 30. Qb2 Qd5 31. Rd1 Qe6 32. Qd2 Rab8 33. Rdb1 Qc4 34. Rb3 b4 35. Bb2 a5 36. Rc1 Qe6 37. Ba1 Rxc1+ 38. Qxc1 Rc8 39. Qd2 Qc4 40. Rb1 Qc2 41. Qxc2 Rxc2 42. Bb2 a4 43. a3 bxa3 44. Ba1 a2 45. Re1 Bb4 46. Rf1 Bc3 47. Bxc3 Rxc3 48. f3 Rb3 0-1

[Event "Anderssen Festival 2019"]
[Site "Wroclaw"]
[Date "2019.08.09"]
[Round "7.17"]
[White "Pokusinski, Antoni"]
[Black "Smal, Tobiasz"]
[Result "0-1"]
[ECO "E84"]
[WhiteElo "1671"]
[BlackElo "2027"]
[Annotator "NA"]
[PlyCount "88"]
[EventDate "2019.08.05"]
[EventType "swiss"]
[EventCountry "POL"]
[SourceTitle "playchess.com"]
[Source "ChessBase"]
[SourceQuality "1"]
[TimeControl "40/5400+30:900+30"]

1. d4 Nf6 2. c4 g6 3. f3 Bg7 4. e4 d6 5. Nc3 O-O 6. Be3 Nc6 7. Nge2 a6 8. Qd2 Rb8 9. Nc1 e5 10. d5 Nd4 11. N1e2 Nxe2 12. Bxe2 Nh5 13. O-O f5 14. c5 f4 15. Bf2 g5 16. b4 Rf6 17. b5 Bf8 18. bxa6 bxa6 19. Rab1 Ra8 20. cxd6 Bxd6 21. Na4 Rg6 22. h3 Ng3 23. Rfc1 h5 24. Bxg3 fxg3 25. Qe3 Kh7 26. Rb3 g4 27. fxg4 hxg4 28. Bxg4 Bxg4 29. hxg4 Rxg4 30. Rcc3 Qh4 31. Qxg3 Rxg3 32. Rxg3 Qxe4 33. Rh3+ Kg6 34. Rhg3+ Kf5 35. Rbf3+ Qxf3 36. gxf3 Rb8 37. Nc3 Kf4 38. Ne4 Rb1+ 39. Kh2 Rd1 40. Nc3 Rd3 41. Rg4+ Ke3 42. Rc4 Kxf3 43. a4 e4+ 44. Kg1 e3 0-1

[Event "Anderssen Festival 2019"]
[Site "Wroclaw"]
[Date "2019.08.09"]
[Round "7.19"]
[White "Rog, Mateusz"]
[Black "Szajda, Marcin"]
[Result "1-0"]
[ECO "C50"]
[WhiteElo "1473"]
[BlackElo "1955"]
[Annotator "NA"]
[PlyCount "75"]
[EventDate "2019.08.05"]
[EventType "swiss"]
[EventCountry "POL"]
[SourceTitle "playchess.com"]
[Source "ChessBase"]
[SourceQuality "1"]
[TimeControl "40/5400+30:900+30"]

1. e4 e5 2. Nf3 Nc6 3. Bc4 Nf6 4. d3 Bc5 5. O-O O-O 6. Nbd2 d6 7. c3 a5 8. Bb3 Bg4 9. h3 Bh5 10. Re1 h6 11. Nf1 d5 12. exd5 Nxd5 13. g4 Bg6 14. Nxe5 Nxe5 15. Rxe5 Bxf2+ 16. Kxf2 Qf6+ 17. Rf5 Bxf5 18. gxf5 Ne7 19. Qf3 a4 20. Bc2 Nxf5 21. d4 Qh4+ 22. Kg2 Ne7 23. Bf4 c6 24. Bg3 Qg5 25. Re1 Ng6 26. Kh2 f5 27. Re2 Qf6 28. Rg2 Ra5 29. Qh5 b6 30. Bc7 Nh4 31. Be5 Rxe5 32. dxe5 Qxe5+ 33. Rg3 g5 34. Qxh6 Nf3+ 35. Kh1 Qe2 36. Qg6+ Kh8 37. Qh5+ Kg8 38. Qh6 1-0

[Event "Anderssen Festival 2019"]
[Site "Wroclaw"]
[Date "2019.08.09"]
[Round "7.20"]
[White "Dytman, Radoslaw"]
[Black "Kowalczuk, Mikolaj"]
[Result "0-1"]
[ECO "B23"]
[WhiteElo "1745"]
[BlackElo "1942"]
[Annotator "NA"]
[PlyCount "160"]
[EventDate "2019.08.05"]
[EventType "swiss"]
[EventCountry "POL"]
[SourceTitle "playchess.com"]
[Source "ChessBase"]
[SourceQuality "1"]
[TimeControl "40/5400+30:900+30"]

1. e4 c5 2. Nc3 g6 3. g3 Bg7 4. Bg2 Nc6 5. d3 Rb8 6. Be3 d6 7. Qd2 b5 8. Nge2 b4 9. Nd1 Qb6 10. O-O a5 11. f4 Nf6 12. h3 Ba6 13. g4 h5 14. g5 Nd7 15. f5 Nce5 16. Nf4 Bb7 17. fxg6 Nxg6 18. Qf2 Nde5 19. d4 cxd4 20. Bxd4 Qxd4 21. Qxd4 Nf3+ 22. Rxf3 Bxd4+ 23. Kh1 Bxe4 24. Nxg6 fxg6 25. Rf4 Bxg2+ 26. Kxg2 Be5 27. Re4 Rc8 28. Ne3 Bxb2 29. Re1 Be5 30. Nc4 Rc5 31. Nxe5 Rxc2+ 32. Kg1 dxe5 33. Rxe5 O-O 34. Rxe7 Rc5 35. h4 Rc4 36. Ra7 Rg4+ 37. Kh2 Rxh4+ 38. Kg3 Rg4+ 39. Kh3 Rf7 40. Re8+ Kg7 41. Rxa5 Rc7 42. Re6 Rd4 43. Re3 Rf4 44. Re2 Rfc4 45. Re6 Rd7 46. Re2 Rdc7 47. Re6 Rc3+ 48. Kg2 R3c5 49. Re7+ Kf8 50. Re5 Rxe5 51. Rxe5 Rc2+ 52. Kg3 Rxa2 53. Rb5 Rb2 54. Rb7 Rb1 55. Kf4 b3 56. Kf3 b2 57. Kg2 Ke8 58. Kh2 Kd8 59. Kg2 Kc8 60. Rb5 Kc7 61. Kh2 Kc6 62. Rb8 Kd5 63. Kg2 Ke4 64. Kh2 Kf4 65. Rb5 Kg4 66. Kg2 h4 67. Kh2 h3 68. Rb4+ Kxg5 69. Rb3 Kf4 70. Rb4+ Ke5 71. Rb5+ Kd4 72. Rb8 g5 73. Rd8+ Ke5 74. Re8+ Kd6 75. Rb8 g4 76. Rb3 g3+ 77. Rxg3 Rd1 78. Rb3 b1=Q 79. Rd3+ Kc5 80. Rc3+ Kb4 0-1

[Event "Anderssen Festival 2019"]
[Site "Wroclaw"]
[Date "2019.08.10"]
[Round "8.1"]
[White "Nowak, Mikolaj"]
[Black "Eggink, Ryszard"]
[Result "1/2-1/2"]
[ECO "A56"]
[WhiteElo "2230"]
[BlackElo "2377"]
[Annotator "NA"]
[PlyCount "66"]
[EventDate "2019.08.05"]
[EventType "swiss"]
[EventCountry "POL"]
[SourceTitle "playchess.com"]
[Source "ChessBase"]
[SourceQuality "1"]
[TimeControl "40/5400+30:900+30"]

1. d4 Nf6 2. c4 c5 3. Nf3 e6 4. Nc3 cxd4 5. Nxd4 a6 6. g3 Nc6 7. Bg2 Qb6 8. Nc2 Qc7 9. O-O d6 10. e4 Rb8 11. Qe2 Be7 12. b3 Bd7 13. Bb2 O-O 14. Kh1 Rfc8 15. Ne3 Qa5 16. f4 b5 17. g4 h6 18. h4 b4 19. Ncd1 g6 20. Bf3 g5 21. Nd5 Qd8 22. Nxe7+ Qxe7 23. e5 dxe5 24. fxe5 Nh7 25. Nf2 Nd8 26. Ne4 Bc6 27. Qe3 Kg7 28. Nf6 gxh4 29. Nh5+ Kh8 30. Bxc6 Nxc6 31. Rf6 Rg8 32. Qe4 Qb7 33. Rxh6 Rg6 1/2-1/2

[Event "Anderssen Festival 2019"]
[Site "Wroclaw"]
[Date "2019.08.10"]
[Round "8.2"]
[White "Gutenev, Alexander"]
[Black "Skliarov, Viktor"]
[Result "1/2-1/2"]
[ECO "B24"]
[WhiteElo "2470"]
[BlackElo "2360"]
[Annotator "ChessBase"]
[PlyCount "102"]
[EventDate "2019.08.05"]
[EventType "swiss"]
[EventCountry "POL"]
[SourceTitle "playchess.com"]
[Source "ChessBase"]
[SourceQuality "1"]
[TimeControl "40/5400+30:900+30"]

1. e4 c5 2. Nc3 Nc6 3. Bb5 Nd4 4. Nf3 e6 5. O-O a6 6. Bd3 Ne7 7. Nxd4 cxd4 8. Ne2 Nc6 9. c3 Bc5 10. b4 Bb6 11. Bb2 O-O 12. Qb3 Ne5 13. cxd4 Nxd3 14. Qxd3 d5 15. Rfe1 dxe4 16. Qxe4 Qd6 17. Nf4 Bc7 18. g3 Qxb4 19. Bc3 Qb5 20. d5 Bxf4 21. Qxf4 Qxd5 22. Re5 Qd8 23. Rh5 f6 24. Qe4 g6 25. Rc5 Rf7 26. Rc1 e5 27. g4 Bd7 28. Ba5 Qe8 29. Qxb7 Bxg4 30. Rc7 Rb8 31. Rxf7 Rxb7 32. Rxb7 Bf3 33. Rb3 Bd5 34. Rb6 Kg7 35. Rc7+ Kh6 36. d3 Kg5 37. Bd2+ Kf5 38. Rc5 Qd8 39. Rb4 a5 40. Rxa5 Qxa5 41. Rf4+ exf4 42. Bxa5 Bxa2 43. Bd8 g5 44. f3 Bd5 45. Kf2 h5 46. h3 Kg6 47. d4 h4 48. Bc7 f5 49. Bd6 g4 50. fxg4 fxg4 51. Bxf4 gxh3 1/2-1/2

[Event "Anderssen Festival 2019"]
[Site "Wroclaw"]
[Date "2019.08.10"]
[Round "8.3"]
[White "Butkiewicz, Lukasz"]
[Black "Lalic, Bogdan"]
[Result "1/2-1/2"]
[ECO "A45"]
[WhiteElo "2425"]
[BlackElo "2411"]
[Annotator "NA"]
[PlyCount "30"]
[EventDate "2019.08.05"]
[EventType "swiss"]
[EventCountry "POL"]
[SourceTitle "playchess.com"]
[Source "ChessBase"]
[SourceQuality "1"]
[TimeControl "40/5400+30:900+30"]

1. d4 Nf6 2. Bg5 Ne4 3. h4 c5 4. d5 Nxg5 5. hxg5 g6 6. Nd2 Bg7 7. c3 d6 8. e4 Nd7 9. Ngf3 h6 10. Bd3 Rb8 11. Qe2 Kf8 12. a4 a6 13. a5 hxg5 14. Rxh8+ Bxh8 15. Nxg5 Ne5 1/2-1/2

[Event "Anderssen Festival 2019"]
[Site "Wroclaw"]
[Date "2019.08.10"]
[Round "8.5"]
[White "Dubinski, Mateusz"]
[Black "Piotrowski, Przemyslaw"]
[Result "1-0"]
[ECO "A41"]
[WhiteElo "2306"]
[BlackElo "2273"]
[Annotator "NA"]
[PlyCount "91"]
[EventDate "2019.08.05"]
[EventType "swiss"]
[EventCountry "POL"]
[SourceTitle "playchess.com"]
[Source "ChessBase"]
[SourceQuality "1"]
[TimeControl "40/5400+30:900+30"]

1. d4 d6 2. Nf3 Nf6 3. g3 Nbd7 4. Bg2 e5 5. O-O g6 6. c4 Bg7 7. Nc3 O-O 8. h3 c6 9. Be3 Re8 10. dxe5 Nxe5 11. Nxe5 dxe5 12. Qxd8 Rxd8 13. Rad1 Rxd1 14. Rxd1 Be6 15. b3 h6 16. g4 Bf8 17. c5 Kg7 18. b4 Nd7 19. Ne4 a5 20. a3 axb4 21. axb4 Ra2 22. g5 h5 23. Nd6 Bxd6 24. Rxd6 Rb2 25. Bd2 Kf8 26. Bc3 Rc2 27. Rd3 Rxe2 28. b5 Nxc5 29. Bb4 Rc2 30. bxc6 bxc6 31. Rd6 Rc4 32. Ba3 Kg7 33. Bb2 f6 34. Rxc6 fxg5 35. Ba3 Bxh3 36. Bxh3 Rc3 37. Bb2 Rxh3 38. Bxe5+ Kh6 39. Rxc5 Rf3 40. Rc7 g4 41. Bd4 Kg5 42. Rc5+ Rf5 43. Be3+ Kh4 44. Rc6 g3 45. Kg2 Re5 46. Rc4+ 1-0

[Event "Anderssen Festival 2019"]
[Site "Wroclaw"]
[Date "2019.08.10"]
[Round "8.6"]
[White "Nguyen, Alex Dac-Vuong"]
[Black "Krawiecki, Stanislaw"]
[Result "1-0"]
[ECO "B03"]
[WhiteElo "2267"]
[BlackElo "1923"]
[Annotator "NA"]
[PlyCount "143"]
[EventDate "2019.08.05"]
[EventType "swiss"]
[EventCountry "POL"]
[SourceTitle "playchess.com"]
[Source "ChessBase"]
[SourceQuality "1"]
[TimeControl "40/5400+30:900+30"]

1. e4 Nf6 2. e5 Nd5 3. d4 d6 4. c4 Nb6 5. exd6 cxd6 6. d5 N8d7 7. Nc3 g6 8. Be3 Bg7 9. Rc1 a5 10. Nf3 O-O 11. Be2 Nc5 12. b3 Bg4 13. O-O Nbd7 14. Nd4 Bxe2 15. Qxe2 f5 16. f3 Ne5 17. Rcd1 Qc8 18. Bf2 a4 19. f4 Ng4 20. b4 Nxf2 21. Rxf2 Nd7 22. Ncb5 Bxd4 23. Rxd4 Rf7 24. Rf3 Nf6 25. Nc3 Qd7 26. Re3 Rc8 27. a3 Kg7 28. Qd1 Ra8 29. Re6 Kg8 30. Qe2 Rc8 31. g3 Kg7 32. h3 h5 33. Kh2 Kg8 34. Re3 Kg7 35. Qd1 Ra8 36. Kg2 Kg8 37. Re6 Kg7 38. Re3 Kg8 39. Kh2 Kg7 40. c5 Rff8 41. Qe2 Rfe8 42. Qc4 Rec8 43. Rd2 dxc5 44. Rde2 Ng8 45. bxc5 Ra5 46. d6 exd6 47. Qd4+ Kf8 48. cxd6 Ra6 49. Re7 Nxe7 50. Qf6+ Kg8 51. Rxe7 Qxe7 52. Qxe7 Rxd6 53. Qxd6 Rxc3 54. Qe6+ Kh7 55. Qf7+ Kh6 56. Qg8 Rc2+ 57. Kg1 Rc7 58. Qf8+ Kh7 59. Qb4 Kg7 60. Qxa4 Rf7 61. Qd4+ Kh7 62. Qd6 Kg7 63. Kf2 Kh7 64. Kf3 Kg7 65. a4 Kh7 66. a5 Kg7 67. Ke3 Kh7 68. Kd4 Kg7 69. Kc5 Kh7 70. Kb6 Kg7 71. Qe6 Kg8 72. h4 1-0

[Event "Anderssen Festival 2019"]
[Site "Wroclaw"]
[Date "2019.08.10"]
[Round "8.8"]
[White "Lugovskoy, Maxim"]
[Black "Chernyshov, Konstantin"]
[Result "1-0"]
[ECO "C10"]
[WhiteElo "2425"]
[BlackElo "2446"]
[Annotator "NA"]
[PlyCount "113"]
[EventDate "2019.08.05"]
[EventType "swiss"]
[EventCountry "POL"]
[SourceTitle "playchess.com"]
[Source "ChessBase"]
[SourceQuality "1"]
[TimeControl "40/5400+30:900+30"]

1. d4 e6 2. e4 d5 3. Nd2 dxe4 4. Nxe4 Nd7 5. g3 Ngf6 6. Nxf6+ Nxf6 7. Bg2 e5 8. Qe2 Qxd4 9. Nf3 Qe4 10. Qxe4 Nxe4 11. Nxe5 Nd6 12. O-O Be7 13. Re1 Be6 14. c4 O-O-O 15. Nxf7 Nxf7 16. Rxe6 Rd1+ 17. Bf1 Bf6 18. Kg2 Ne5 19. f4 Nd3 20. Bxd3 Rxd3 21. Re1 Kd7 22. f5 Rb8 23. a4 Re8 24. Rxe8 Kxe8 25. Bf4 Rb3 26. Re1+ Kd7 27. g4 Rxb2+ 28. Kf3 h6 29. Re6 Rb3+ 30. Ke4 Rc3 31. Bxh6 Rxc4+ 32. Kf3 Rxa4 33. Bc1 Rc4 34. Bd2 Rc2 35. Re2 b5 36. g5 Ba1 37. h4 Rc5 38. f6 Bxf6 39. gxf6 Rf5+ 40. Kg4 Rxf6 41. Bb4 Rc6 42. Kg5 Rc4 43. Bf8 g6 44. Be7 b4 45. Kxg6 b3 46. Bf6 a5 47. h5 Rg4+ 48. Kf7 Rg1 49. Rh2 a4 50. h6 a3 51. h7 b2 52. h8=Q b1=Q 53. Qe8+ Kd6 54. Qe6+ Kc5 55. Rh5+ Kb4 56. Be7+ Kc3 57. Qe3+ 1-0

[Event "Anderssen Festival 2019"]
[Site "Wroclaw"]
[Date "2019.08.10"]
[Round "8.9"]
[White "Kowalczuk, Mikolaj"]
[Black "Snihur, Piotr"]
[Result "1/2-1/2"]
[ECO "A52"]
[WhiteElo "1942"]
[BlackElo "2256"]
[Annotator "NA"]
[PlyCount "42"]
[EventDate "2019.08.05"]
[EventType "swiss"]
[EventCountry "POL"]
[SourceTitle "playchess.com"]
[Source "ChessBase"]
[SourceQuality "1"]
[TimeControl "40/5400+30:900+30"]

1. d4 Nf6 2. c4 e5 3. dxe5 Ng4 4. Bf4 Nc6 5. Nf3 Bb4+ 6. Nbd2 Qe7 7. a3 Bxd2+ 8. Qxd2 Ngxe5 9. Nxe5 Nxe5 10. e3 d6 11. Be2 O-O 12. O-O b6 13. b4 Bb7 14. Qc3 c5 15. bxc5 bxc5 16. Rfd1 Rad8 17. Rab1 Bc6 18. Rb2 Ng6 19. Bg3 f5 20. Bf1 Rf6 21. Qa5 Re6 1/2-1/2